 Dungeon Crawl Stone Soup version 0.21.0-22-g11d5b52 (webtiles) character file.

568 theElss the Conjurer (level 7, -2/37 HPs)
             Began as a Deep Elf Conjurer on Jan 18, 2018.
             Killed from afar by vogonpoet's ghost (24 damage)
             ... with a stone arrow
             ... on level 4 of the Dungeon.
             The game lasted 00:14:27 (4221 turns).

theElss the Conjurer (Deep Elf Conjurer)            Turns: 4221, Time: 00:14:29

Health: -2/37      AC:  6    Str:  6    XL:     7   Next: 11%
Magic:  4/18       EV: 13    Int: 21    God:
Gold:   93         SH:  0    Dex: 15    Spells: 3/18 levels left

rFire    . . .     SeeInvis .   h - +1 dagger (venom)
rCold    . . .     Gourm    .   (no shield)
rNeg     . . .     Faith    .   a - +0 robe
rPois    .         Spirit   .   r - +2 helmet
rElec    .         Reflect  .   (no cloak)
rCorr    .         Harm     .   (no gloves)
MR       .....                  s - +0 pair of boots
Stlth    +++.......             (no amulet)
HPRegen  0.12/turn              (no ring)
MPRegen  0.16/turn              (no ring)

@: no status effects
A: no striking features
a: no special abilities


You were on level 4 of the Dungeon.
You were near starving.

You visited 1 branch of the dungeon, and saw 4 of its levels.

You collected 93 gold pieces.

Inventory:

Hand Weapons
 h - a +1 dagger of venom (weapon)
Armour
 a - a +0 robe (worn)
 r - a +2 helmet (worn)
 s - a +0 pair of boots (worn)
Jewellery
 u - an uncursed amulet of regeneration {unknown}
 v - an uncursed ring of protection from magic {unknown}
Scrolls
 d - a scroll of fear {unknown}
 e - 3 scrolls of identify {unknown}
 f - a scroll of immolation {unknown}
 i - 2 scrolls of teleportation {unknown}
 j - a scroll of fog {unknown}
 k - 2 scrolls of amnesia {unknown}
 o - a scroll of random uselessness {unknown}
 p - a scroll of enchant armour {unknown}
 t - 2 scrolls of remove curse {unknown}
Potions
 g - 2 potions of might {unknown}
 l - a potion of curing {unknown}
 m - a potion of heal wounds {unknown}
 n - 2 potions of ambrosia {unknown}
 w - 2 potions of agility {unknown}
Books
 b - a book of Conjurations

   Spells                             Type                      Level
   a - Magic Dart                     Conjuration                  1
   b - Searing Ray                    Conjuration                  2
   c - Dazzling Spray                 Conjuration/Hexes            3
   d - Fulminant Prism                Conjuration/Hexes            4
   e - Force Lance                    Conjuration/Translocation    4
   f - Iskenderun's Mystic Blast      Conjuration                  4
 q - a book of Minor Magic

   Spells                             Type                      Level
   a - Magic Dart                     Conjuration                  1
   b - Blink                          Translocation                2
   c - Call Imp                       Summoning                    2
   d - Slow                           Hexes                        2
   e - Conjure Flame                  Conjuration/Fire             3
   f - Mephitic Cloud                 Conjuration/Poison/Air       3
Comestibles
 c - 8 rations


   Skills:
 + Level 0.4 Fighting
 + Level 2.9 Dodging
 + Level 4.0 Stealth
 + Level 6.2 Spellcasting
 + Level 7.5 Conjurations


You had 3 spell levels left.
You knew the following spells:

 Your Spells              Type           Power        Failure   Level  Hunger
a - Magic Dart            Conj           ####         1%          1    None
b - Iskenderun's Mystic   Conj           #####...     4%          4    ###....
c - Searing Ray           Conj           #####.       1%          2    None
d - Mephitic Cloud        Conj/Pois/Air  ###.....     10%         3    #......
e - Conjure Flame         Conj/Fire      ###.....     6%          3    #......
f - Blink                 Tloc           N/A          14%         2    None


Dungeon Overview and Level Annotations

Branches:
Dungeon (4/15)
 Temple: D:4-7

Altars:
Kikubaaqudgha

Annotations:
D:4 vogonpoet's ghost, novice GrEE


Message History

The searing ray misses vogonpoet's ghost.
You finish channeling your searing ray.
Vogonpoet's ghost misses you.
Casting: Searing Ray
Confirm with . or Enter, or press ? or * to list all spells.
You don't have enough magic to cast that spell.
Unknown command.
Vogonpoet's ghost points at you and mumbles some strange words.
The stone arrow misses you.
Casting: Searing Ray
Confirm with . or Enter, or press ? or * to list all spells.
You don't have enough magic to cast that spell.
Unknown command.
Casting: Searing Ray
Confirm with . or Enter, or press ? or * to list all spells.
You don't have enough magic to cast that spell.
Unknown command.
Vogonpoet's ghost gestures at you while chanting.
The stone arrow hits you!
Ouch! That really hurt!
You die...

#....................#.P♣.
##.........)....♣♣.♣......
##............♣♣♣...###..
##..........♣♣ ♣.♣###... ####
##........♣♣P♣.P♣###...
#..#######...#...♣P..♣P♣....##
#<.....###(..#.......P♣♣......
#.####...........♣♣♣♣♣♣...###.
#.# ####....@..W..........[).
#[## #................######
#..# ##.#..............#
##.####..##.............#
#.#.>..###.............#
###.#....# #.............#
##...#....###............##
#..........#.....#......##
#.............#########..#


You could see vogonpoet's ghost.

Vanquished Creatures
  An ogre (D:4)
  A phantom (D:4)
  An ice beast (D:4)
  A hound (D:4)
  A bullfrog skeleton (D:4)
  2 orc priests (D:4)
  An iguana (D:4)
  An orc wizard (D:4)
  A hound skeleton (D:4)
  4 adders
  An ooze (D:1)
  A dart slug (D:1)
  3 leopard geckos (D:1)
  11 orcs
  3 bat zombies (D:4)
  2 giant cockroaches
  8 goblins
  5 hobgoblins
  3 jackals (D:3)
  5 kobolds
  2 quokkas (D:3)
  12 bats
  A frilled lizard (D:4)
  6 rats
  3 rat zombies (D:4)
80 creatures vanquished.

Notes
Turn   | Place    | Note
-------+----------+-------------------------------------------
     0 | D:1      | theElss the Deep Elf Conjurer began the quest for the Orb.
     0 | D:1      | Reached XP level 1. HP: 10/10 MP: 6/6
   455 | D:1      | Reached XP level 2. HP: 15/15 MP: 5/8
   642 | D:1      | Reached skill level 5 in Conjurations
   687 | D:1      | Learned a level 2 spell: Searing Ray
  1067 | D:1      | Reached XP level 3. HP: 19/19 MP: 5/9
  2305 | D:3      | Reached XP level 4. HP: 24/24 MP: 8/11
  2612 | D:3      | Reached skill level 6 in Conjurations
  3178 | D:4      | Noticed an ice beast
  3198 | D:4      | Killed an ice beast
  3198 | D:4      | Reached XP level 5. HP: 28/28 MP: 6/13
  3252 | D:4      | Noticed a phantom
  3257 | D:4      | Killed a phantom
  3257 | D:4      | Reached skill level 5 in Spellcasting
  3257 | D:4      | Reached XP level 6. HP: 32/32 MP: 7/15
  3345 | D:4      | Reached skill level 7 in Conjurations
  3422 | D:4      | Noticed vogonpoet's ghost (novice GrEE)
  3548 | D:4      | Found an ancient bone altar of Kikubaaqudgha.
  3741 | D:4      | Found a sand-covered staircase.
  3851 | D:4      | Reached XP level 7. HP: 17/36 MP: 11/18
  4169 | D:3      | Learned a level 4 spell: Iskenderun's Mystic Blast
  4173 | D:3      | Learned a level 3 spell: Mephitic Cloud
  4177 | D:3      | Learned a level 3 spell: Conjure Flame
  4180 | D:3      | Learned a level 2 spell: Blink
  4221 | D:4      | Killed from afar by vogonpoet's ghost

Skill      XL: |  1  2  3  4  5  6  7 |
---------------+----------------------+-----
Conjurations   | 5 6 7 |  7.5
Spellcasting   | 4 5 6 |  6.2
Stealth        | 3 4 |  4.0
Fighting       | |  0.4
Dodging        | |  2.9

Action                   |  1- 3 |  4- 6 |  7- 9 || total
-------------------------+-------+-------+-------++-------
Melee: Dagger            |       |       |     7 ||     7
 Cast: Magic Dart        |    69 |    74 |     5 ||   148
       Searing Ray       |     2 |     7 |     3 ||    12
       Iskenderun's Myst |       |       |     2 ||     2
  Eat: Chunk             |     3 |     2 |       ||     5
       Ration            |     1 |       |       ||     1
Armor: Robe              |     1 |     4 |     2 ||     7
Dodge: Dodged            |    19 |    14 |    13 ||    46
